 Dungeon Crawl Stone Soup version 0.31-a0-986-g5e6e4ef867 (webtiles) character file.

Game seed: 10886827289791933313

7625 Persephone the Severer (level 10, -3/88 HPs)
             Began as a Minotaur Monk on Nov 8, 2023.
             Was an Initiate of Gozag.
             Slain by a vampire (11 damage)
             ... on level 9 of the Dungeon.
             The game lasted 00:13:08 (7845 turns).

Persephone the Severer (Minotaur Monk)              Turns: 7845, Time: 00:13:08

Health: -3/88      AC: 11    Str: 20    XL:     10   Next: 98%
Magic:  9/9        EV: 17    Int:  7    God:    Gozag
Gold:   593        SH:  5    Dex: 13    Spells: 9/9 levels left

rFire   . . .        b - +2 battleaxe (elec)
rCold   . . .        (shield currently unavailable)
rNeg    . . .        m - +4 ring mail
rPois   .            (helmet restricted)
rElec   .            (no cloak)
rCorr   +            s - +0 pair of gloves
SInv    .            (no boots)
Will    .....        A - amulet of reflection
Stlth   +            h - ring of resist corrosion
HPRegen 0.34/turn    u - +5 ring of evasion
MPRegen 0.11/turn

%: reflection
@: no status effects
A: horns 2, retaliatory headbutt
a: Renounce Religion, Potion Petition, Call Merchant, Bribe Branch


You were on level 9 of the Dungeon.
You worshipped Gozag.
Gozag was pleased with you.
You visited 1 branch of the dungeon, and saw 10 of its levels.

You collected 1784 gold pieces.
You spent 708 gold pieces at shops.
You paid 483 gold pieces to Gozag.

Inventory:

Hand Weapons
 b - a +2 battleaxe of electrocution (weapon)
 f - a +1 war axe
Missiles
 v - 3 throwing nets
 F - 2 boomerangs (quivered)
Armour
 m - a +4 ring mail (worn)
 s - a +0 pair of gloves (worn)
 y - a +0 kite shield
Jewellery
 a - a ring of see invisible
 h - a ring of resist corrosion (left hand)
 u - a +5 ring of evasion (right hand)
 A - an amulet of reflection (around neck)
Wands
 k - a wand of flame (33)
 q - a wand of acid (8)
Scrolls
 d - a scroll of enchant armour
 e - 3 scrolls of teleportation
 i - a scroll of torment
 n - a scroll of fog
 p - a scroll of identify
 t - a scroll of summoning
 w - 4 scrolls of amnesia
Potions
 c - a potion of ambrosia
 g - a potion of heal wounds
 l - a potion of magic {unknown}
 o - a potion of lignification
 x - a potion of resistance
 z - a potion of cancellation {unknown}
 D - 2 potions of invisibility
 E - a potion of enlightenment
 G - a potion of haste {unknown}


   Skills:
 + Level 8.2 Fighting
 + Level 16.3 Axes
 + Level 7.1 Armour
 - Level 3.2 Dodging
 - Level 5.9 Shields


You had 9 spell levels left.
You didn't know any spells.
Your spell library contained the following spells:

 Spells                   Type           Power      Damage    Failure   Level
 Slow                     Hex            0%         N/A       58%         1
 Cigotuvi's Dreadful Rot  Necr/Pois/Air  0%         N/A       73%         2
 Ensorcelled Hibernation  Hex/Ice        0%         N/A       73%         2
 Passwall                 Tmut/Erth      0%         N/A       73%         2
 Sublimation of Blood     Necr           0%         N/A       73%         2
 Wereblood                Tmut           0%         N/A       73%         2
 Confusing Touch          Hex            0%         N/A       91%         3
 Sigil of Binding         Hex            0%         N/A       91%         3
 Swiftness                Air            0%         N/A       91%         3
 Vampiric Draining        Necr           0%         2d6       91%         3
 Dispel Undead            Necr           0%         3d6       100%        4
 Vhi's Electric Charge    Tloc/Air       0%         N/A       100%        4
 Alistair's Intoxication  Tmut/Pois      0%         N/A       100%        5
 Arcjolt                  Conj/Air       0%         1d10      100%        5
 Borgnjor's Vile Clutch   Necr/Erth      0%         N/A       100%        5
 Death Channel            Necr           0%         N/A       100%        6
 Eringya's Noxious Bog    Tmut/Pois      0%         4d6       100%        6
 Plasma Beam              Fire/Air       0%         2x1d10    100%        6
 Summon Hydra             Summ           0%         N/A       100%        7


Dungeon Overview and Level Annotations

Branches:
Dungeon (10/15)            Temple (0/1) D:6             Orc (0/2) D:9
   Lair: D:8-11

Altars:
Gozag
Kikubaaqudgha
Wu Jian
Yredelemnul

Shops:
D:4 (!   D:5 (=[[*   D:6 *   D:9 *

Annotations:
D:3 3 runed translucent doors, FakeRyeBread's ghost, weakling GrFi
D:4 3 runed translucent doors, hgbash's ghost, weakling OpCj


Innate Abilities, Weirdness & Mutations

You have a pair of horns on your head.
You reflexively headbutt those who attack you in melee.


Message History

Something closely misses you. Something barely misses you.
The yak is distracted by your dazzling golden aura.
Something hits you! Something bites you but does no damage.
You climb upwards.
Reactivating autopickup.
There is a stone staircase leading down here.
You can't go up here!
You feel less confused.
Starting script; Killing and exploring; No nearby monsters, exploring now Something hits you!
Deactivating autopickup; reactivate with Ctrl-A.
Something bites you but does no damage. Something hits you but does no damage.
Killing and exploring; No nearby monsters, exploring now Something bites you but does no damage.
Killing and exploring; No nearby monsters, exploring now Something hits you.
Something bites you.
* * * LOW HITPOINT WARNING * * *
Something draws strength from your injuries!
Something barely misses you. Something bites you but does no damage.
Killing and exploring; No nearby monsters, exploring now Killing and exploring; No nearby monsters, exploring now Something hits you.
* * * LOW HITPOINT WARNING * * *
You block something's attack. Something hits you but does no damage.
Killing and exploring; No nearby monsters, exploring now Something bites you.
* * * LOW HITPOINT WARNING * * *
Something draws strength from your injuries!
Killing and exploring; No nearby monsters, exploring now Something hits you.
* * * LOW HITPOINT WARNING * * *
Something bites you but does no damage. Something hits you.
* * * LOW HITPOINT WARNING * * *
Something completely misses you.
You slash something! Something barely misses you. Something bites you!
You die...
Your body crumbles into a pile of gold.

######....#####.# ######..
##..........## #'#####....#.#
##.)..........####.....#._.#.#
#..........[...# #.###.#...#.#
#.............># #...#.#####.#
#..............# ###....#....#
#........<..>..# #....###....#
#.............#####.#...#.....
##..........<@#...#.###)#....#
##.∩........##._.#...))#....#
#############....#####'....#
###### #.......# ####.>###
####


There were no monsters in sight!

Vanquished Creatures
  Erica (D:9)
  2 two-headed ogres (D:8)
  A cyclops (D:7)
  A kobold demonologist (D:9)
  A hornet (D:8)
  Sigmund (D:6)
  A shadow (D:8)
  3 yaks (D:8)
  An acid dragon (D:9)
  5 water moccasins
  4 orc warriors
  An ice beast (D:8)
  2 black bears (D:5)
  2 ogres
  2 boggarts (D:8)
  3 centaurs
  A kobold brigand (D:5)
  5 bullfrogs
  Blork the orc (D:6)
  3 scorpions
  4 wights (D:8)
  10 killer bees
  A lava snake (D:10)
  6 hounds
  3 jellies
  4 orc priests
  A gnoll bouda (D:8)
  5 iguanas
  11 orc wizards
  3 sleepcaps
  Robin (D:2)
  4 gnolls (D:8)
  11 adders
  4 shadow imps (D:5)
  2 worms (D:3)
  2 dart slugs
  31 orcs
  9 ball pythons
  4 endoplasms
  5 giant cockroaches
  18 goblins
  12 hobgoblins
  3 jackals
  7 kobolds
  A quokka (D:1)
  3 bats
  6 frilled lizards
212 creatures vanquished.

Notes
Turn   | Place    | Note
-------+----------+-------------------------------------------
     0 | D:1      | Persephone the Minotaur Monk began the quest for the Orb.
     0 | D:1      | Reached XP level 1. HP: 19/19 MP: 0/0
    67 | D:1      | Reached skill level 4 in Axes
   121 | D:1      | Reached XP level 2. HP: 23/26 MP: 1/1
   242 | D:1      | Reached skill level 5 in Axes
   373 | D:2      | Noticed Robin
   379 | D:2      | Reached XP level 3. HP: 19/31 MP: 2/2
   381 | D:2      | Killed Robin
   512 | D:2      | Reached skill level 6 in Axes
   512 | D:2      | Reached XP level 4. HP: 39/39 MP: 3/3
  1263 | D:3      | Found a runed translucent gate.
  1263 | D:3      | Found a runed translucent gate.
  1263 | D:3      | Found a runed translucent gate.
  1503 | D:3      | Reached skill level 7 in Axes
  1503 | D:3      | Reached XP level 5. HP: 45/45 MP: 4/4
  1903 | D:3      | Noticed FakeRyeBread's ghost (weakling GrFi)
  1951 | D:4      | Found Cubep's Distillery.
  2117 | D:4      | Found a runed translucent gate.
  2119 | D:4      | Found a runed translucent gate.
  2120 | D:4      | Found a runed translucent gate.
  2120 | D:4      | Noticed hgbash's ghost (weakling OpCj)
  2172 | D:4      | Reached skill level 8 in Axes
  2197 | D:4      | Reached XP level 6. HP: 49/51 MP: 5/5
  2401 | D:4      | Found Tiassi Kugi's Weapon Shoppe.
  2413 | D:4      | Bought a +0 morningstar of holy wrath for 119 gold pieces
  2444 | D:5      | Entered Level 5 of the Dungeon
  2444 | D:5      | Found Baabrut's Armour Boutique.
  2444 | D:5      | Found Ustosedi's Antique Armour Emporium.
  2456 | D:5      | Reached skill level 9 in Axes
  2485 | D:5      | Found Jorchent's General Store.
  2516 | D:5      | Found Xithousu's Jewellery Boutique.
  2531 | D:5      | Found an opulent altar of Gozag.
  2610 | D:5      | Became a worshipper of Gozag Ym Sagoz the Greedy
  2785 | D:5      | Reached XP level 7. HP: 28/57 MP: 6/6
  3033 | D:5      | Found Hanli's Weapon Shop.
  3133 | D:5      | Reached skill level 10 in Axes
  3226 | D:5      | Reached skill level 11 in Axes
  3411 | D:5      | Reached XP level 8. HP: 40/64 MP: 7/7
  3515 | D:5      | Reached skill level 12 in Axes
  3659 | D:6      | Found a staircase to the Ecumenical Temple.
  3666 | D:6      | Noticed Blork the orc
  3680 | D:6      | Killed Blork the orc
  3714 | D:5      | Bought a kite shield for 139 gold pieces
  3742 | D:5      | Bought an amulet of reflection for 450 gold pieces
  3804 | D:6      | Noticed Sigmund
  3814 | D:6      | Killed Sigmund
  3815 | D:6      | Reached skill level 13 in Axes
  3870 | D:6      | Found Moasm's Assorted Antiques.
  4361 | D:7      | Reached skill level 14 in Axes
  4493 | D:7      | Noticed a cyclops
  4502 | D:7      | Killed a cyclops
  4503 | D:7      | Reached XP level 9. HP: 59/70 MP: 8/8
  4746 | D:7      | Reached skill level 15 in Axes
  5404 | D:8      | Reached skill level 16 in Axes
  5475 | D:8      | Reached skill level 1 in Armour
  5475 | D:8      | Reached skill level 1 in Shields
  5602 | D:8      | Noticed a two-headed ogre
  5602 | D:8      | Noticed a two-headed ogre
  5620 | D:8      | Killed a two-headed ogre
  5621 | D:8      | Reached skill level 5 in Fighting
  5626 | D:8      | Killed a two-headed ogre
  5627 | D:8      | Reached XP level 10. HP: 10/83 MP: 9/9
  6150 | D:8      | Reached skill level 5 in Armour
  6150 | D:8      | Reached skill level 5 in Shields
  6814 | D:9      | Identified the "Qofi"
  7016 | D:9      | Noticed a soul eater
  7216 | D:9      | Found a staircase to the Orcish Mines.
  7347 | D:9      | Found a basalt altar of Yredelemnul.
  7457 | D:9      | Found an ancient bone altar of Kikubaaqudgha.
  7492 | D:9      | Noticed Erica
  7493 | D:9      | Found Soiclem's Assorted Antiques.
  7517 | D:9      | Killed Erica
  7703 | D:9      | Found an ornate altar of the Wu Jian Council.
  7811 | D:10     | Entered Level 10 of the Dungeon
  7845 | D:9      | Slain by a vampire

Illustrated notes

Levels and vault maps discovered:
D:1:      wander_arrival_desolate, layout_rooms
D:2:      layout_loops_ring, grunt_ministairs_7, dreamdust_wishing_well,
          serial_bayou_pond_d, nrook_loot_triangle, dreamdust_mushroom_princess,
          nrook_mini_backslash, uniq_robin
D:3:      layout_loops_ring, gammafunk_ghost_icy
D:4:      layout_rooms, lemuel_coloured_pillars_altar,
          ebering_ghost_rock_garden, serial_shops, nicolae_square_shop,
          nicolae_wooded_promenade
D:5:      minmay_polygon_palace, layout_rooms, grunt_gozag_breadcrumbs,
          serial_shops, nicolae_shop_tiny_real_fake_doors, shop,
          nicolae_shop_statue_plus, nicolae_shop_tiny_statue_garden, shop
D:6:      layout_cave_pools, minmay_temple_entry_grid, serial_shops,
          kennysheep_little_box, kennysheep_generic_room_12, uniq_blork_the_orc,
          uniq_sigmund
D:7:      layout_loops_corners
D:8:      layout_loops_ring, nicolae_phantomly_mirrored
D:9:      layout_rooms, mainiacjoe_overflow_swirl, kiku_gazebo_pond_becter,
          orc_0_dummy, serial_shops, shop, uniq_erica
D:10:     layout_big_octagon, mainiacjoe_overflow_tiny_flanked, serial_shops,
          nicolae_shop_rolling_square, nicolae_shop_tiny_waterfront,
          nicolae_shop_crystal, gammafunk_ghost_grave, serial_gnoll_camp,
          gnoll_camp_mini_sergeant, gnoll_camp_mini_house, gnoll_camp_mini_shop,
          gnoll_camp_mini_basic

Skill      XL: |  1  2  3  4  5  6  7  8  9 10 |
---------------+-------------------------------+-----
Axes           | 4 5 6 7 8 9 11 14 16 | 16.3
Fighting       | 5 8 |  8.2
Armour         | 4 7 |  7.1
Shields        | 4 5 |  5.9
Dodging        | |  3.2

Action                     |  1- 3 |  4- 6 |  7- 9 | 10-12 || total
---------------------------+-------+-------+-------+-------++-------
  Melee: Hand axe          |    12 |       |       |       ||    12
         War axe           |    38 |    82 |   189 |   121 ||   430
         Headbutt          |     8 |    17 |    37 |    25 ||    87
         Morningstar       |       |    25 |     2 |       ||    27
         Battleaxe         |       |       |       |    52 ||    52
  Throw: Boomerang         |       |       |    22 |    78 ||   100
 Invoke: Potion Petition   |       |       |       |     1 ||     1
    Use: Scroll            |       |       |       |    18 ||    18
         Potion            |       |       |       |     1 ||     1
   Stab: Distracted        |       |       |       |     2 ||     2
 Armour: Robe              |     8 |       |       |       ||     8
         Scale mail        |    22 |     4 |       |       ||    26
         Ring mail         |       |    49 |    85 |   105 ||   239
  Dodge: Dodged            |    36 |    69 |   142 |    88 ||   335
  Block: Kite shield       |       |       |    59 |    76 ||   135
         Other             |       |       |       |    18 ||    18
         Reflection        |       |       |       |     8 ||     8

Table legend: (Time is in decaauts)
 A = Elapsed time spent in this place.
 B = Non-inter-level travel time spent in this place.
 C = Inter-level travel time spent in this place.
 D = Time resting spent in this place.
 E = Time spent auto-exploring this place.
 F = Levels seen in this place.
 G = Mean time per level.
                   A        B        C        D        E       F      G
               +--------+--------+--------+--------+--------+-----+--------+
         Total |   7879 |   7604 |    275 |      0 |   6106 |  10 |  787.9 |
       Dungeon |   7879 |   7604 |    275 |      0 |   6106 |  10 |  787.9 |
               +--------+--------+--------+--------+--------+-----+--------+

Top non-repeatable levels by time:
     D:8: 1522 daAuts
     D:5: 1252 daAuts
     D:9: 1009 daAuts
     D:7: 993 daAuts
     D:2: 862 daAuts
     D:3: 723 daAuts
     D:6: 613 daAuts
     D:4: 503 daAuts
     D:1: 378 daAuts
    D:10: 21 daAuts
